 Dungeon Crawl Stone Soup version 0.31.0-32-g396128a36d (webtiles) character file.

Game seed: 14345512136964209140

21 Silvore the Trooper (level 2, -2/27 HPs)
             Began as a Minotaur Fighter on Apr 8, 2024.
             Engulfed by a cloud of flame (9 damage)
             ... on level 1 of the Dungeon.
             The game lasted 00:00:40 (1140 turns).

Silvore the Trooper (Minotaur Fighter)              Turns: 1140, Time: 00:00:40

Health: -2/27      AC: 10    Str: 20    XL:     2   Next: 65%
Magic:  1/1        EV:  7    Int:  5    God:
Gold:   32         SH:  4    Dex:  9    Spells: 1/1 levels left

rFire   . . .        a - +0 flail
rCold   . . .        c - +0 buckler
rNeg    . . .        e - +0 chain mail
rPois   .            (helmet restricted)
rElec   .            k - +0 cloak
rCorr   .            (no gloves)
SInv    .            (no boots)
Will    .....        (no amulet) Stlth
                     (no ring)
HPRegen 0.24/turn    (no ring)
MPRegen 0.07/turn

%: no passive effects
@: no status effects
A: horns 2, retaliatory headbutt
a: no special abilities


You were on level 1 of the Dungeon.
You visited 1 branch of the dungeon, and saw 1 of its levels.

You collected 32 gold pieces.

Inventory:

Hand Weapons
 a - a +0 flail (weapon)
Armour
 b - a +0 scale mail
 c - a +0 buckler (worn)
 e - a +0 chain mail (worn)
 k - a +0 cloak (worn)
Scrolls
 g - a scroll of identify {unknown}
 h - a scroll of acquirement {unknown}
 i - 2 scrolls of immolation {unknown}
 j - 2 scrolls of enchant weapon {unknown}
 l - a scroll of teleportation {unknown}
Potions
 d - a potion of might
 f - a potion of lignification {unknown}


   Skills:
 + Level 4.0 Fighting
 + Level 2.6 Maces & Flails
 + Level 4.0 Armour
 + Level 4.0 Shields


You had one spell level left.
You didn't know any spells.
Your spell library was empty.

Dungeon Overview and Level Annotations

Branches:
Dungeon (1/15)

Altars:


Innate Abilities, Weirdness & Mutations

You have a pair of horns on your head.
You reflexively headbutt those who attack you in melee.


Message History

Things that are here:
a +0 dagger; a goblin corpse You open the door.
There is an open door here.
Found 4 stones.
You see here 4 stones.
You see here 4 stones.
Found 5 stones.
You see here 5 stones.
You see here 5 stones.
As you open the door, it creaks loudly!
There is an open door here.
There is an open door here.
A goblin comes into view. It is wielding a +0 dagger.
The goblin shouts!
A goblin is nearby!
A goblin is nearby!
You sock the goblin!
You kill the goblin!
You see here a +0 dagger.
There is an open door here.
You open the door.
There is an open door here.
There is an open door here.
There is an open door here.
There is an open door here.
There is an open door here.
There is an open door here.
There is an open door here.
There is a stone staircase leading down here.
Key pressed, stopping explore.
You see here a +0 short sword.
Partly explored, can't reach some items and places.
Partly explored, can't reach some items and places.
Partly explored, can't reach some items and places.
You are engulfed in blazing flames.
Ouch! That really hurt!
* * * LOW HITPOINT WARNING * * *
You are engulfed in blazing flames.
You die...

.......##...##.#####.#### #.#
.[......................# #.#
.......##....#.#####.##.###.##
......#####...## #.........#
##...## #°○°# #.#####...#
###.## #°§§# #.# #.#.# ###.#
#§○.# #.# #.#.# ....#
#####...######.# #.#.#
..####..○..$$$.○@§.#.#####.#.#
..###..§○..$$..§§§.........#.#
).##...☼°§.$.$.○☼☼...........#
.....'#####..?#####....#.#####
..##### #§§§# #...>..# .##
#.§☼# ##.....# #### #.§§#
#......# ##.## ###...#
##.##### #.#.## ##....# #.#


There were no monsters in sight!

Vanquished Creatures
  An endoplasm (D:1)
  A giant cockroach (D:1)
  6 goblins (D:1)
  3 hobgoblins (D:1)
  2 jackals (D:1)
  2 kobolds (D:1)
  A quokka (D:1)
  A rat (D:1)
17 creatures vanquished.

Notes
Turn   | Place    | Note
-------+----------+-------------------------------------------
     0 | D:1      | Silvore the Minotaur Fighter began the quest for the Orb.
     0 | D:1      | Reached XP level 1. HP: 19/19 MP: 0/0
   240 | D:1      | Reached XP level 2. HP: 27/27 MP: 1/1
  1140 | D:1      | Engulfed by a cloud of flame

Illustrated notes

Levels and vault maps discovered:
D:1:      minmay_arrival_split_and_join, layout_loops_corners,
          lemuel_flame_loot_1

Skill      XL: |  1  2 |
---------------+-------+-----
Fighting       | 4 |  4.0
Armour         | 4 |  4.0
Shields        | 4 |  4.0
Maces & Flails | |  2.6

Action                     || total
---------------------------++-------
  Melee: Flail             ||    35
         Headbutt          ||     4
 Armour: Chain mail        ||    25
         Scale mail        ||     5
  Dodge: Dodged            ||     9
  Block: Buckler           ||     9
